 Dungeon Crawl Stone Soup version 0.30.1-11-g7821555f0a (webtiles) character file.

Game seed: 11194588512942559746

198 Dregs the Sneak (level 5, -5/39 HPs)
             Began as a Naga Enchanter on Dec 2, 2023.
             Was a Follower of Hepliaklqana.
             Slain by an orc
             ... wielding a +0 flail
              (8 damage)
             ... on level 3 of the Dungeon.
             The game lasted 00:08:02 (1133 turns).

Dregs the Sneak (Naga Enchanter)                    Turns: 1133, Time: 00:08:02

Health: -5/39      AC:  3    Str: 18    XL:     5   Next: 77%
Magic:  0/8        EV: 10    Int: 15    God:    Hepliaklqana [*.....]
Gold:   55         SH:  0    Dex: 12    Spells: 3/8 levels left

rFire   . . .        a - +1 dagger
rCold   . . .        (no shield)
rNeg    + . .        b - +1 robe
rPois   +            (no helmet)
rElec   .            (no cloak)
rCorr   .            (no gloves)
SInv    +            (no barding)
Will    .....        (no amulet)
Stlth   +++          i - ring of positive energy
HPRegen 0.26/turn    j - +6 ring of strength
MPRegen 0.11/turn

%: no passive effects
@: short of breath, very slow
A: reduced essence, AC +1, large, see invisible, deformed body, poison
resistance, slowness 2, spit poison 1, naga tail 1
a: Spit Poison, Renounce Religion, Recall Ancestor, Ancestor Identity


You were on level 3 of the Dungeon.
You worshipped Hepliaklqana.
Hepliaklqana was aware of your devotion.
You visited 1 branch of the dungeon, and saw 3 of its levels.

You collected 55 gold pieces.

Inventory:

Hand Weapons
 a - a +1 dagger (weapon)
 h - a +0 hand axe
Armour
 b - a +1 robe (worn)
Jewellery
 i - a ring of positive energy (left hand)
 j - a +6 ring of strength (right hand)
 l - a ring of fire
Scrolls
 f - a scroll of butterflies
Potions
 g - 2 potions of brilliance


   Skills:
 * Level 1.2 Fighting
 * Level 1.9 Short Blades
 * Level 1.3 Armour
 * Level 2.4 Dodging
 * Level 6.2 Stealth
 * Level 2.3 Spellcasting
 * Level 3.4 Hexes
 * Level 1.0 Ice Magic


You had 3 spell levels left.
You knew the following spells:

 Your Spells              Type           Power      Damage    Failure   Level
a - Ensorcelled Hibernat  Hex/Ice        16%        N/A       13%         2
b - Tukima's Dance        Hex            12%        N/A       16%         3

Your spell library contained the following spells:

 Spells                   Type           Power      Damage    Failure   Level
 Confusing Touch          Hex            12%        N/A       16%         3
 Dazzling Flash           Conj/Hex       12%        N/A       32%         3


Dungeon Overview and Level Annotations

Branches:
Dungeon (3/15)

Altars:
Hepliaklqana
Okawaru
Vehumet
Wu Jian


Innate Abilities, Weirdness & Mutations

Your life essence is reduced to manifest your ancestor. (-10% HP)
Your serpentine skin is tough. (AC +1)
You have supernaturally acute eyesight. (SInv)
Armour fits poorly on your strangely shaped body.
Your system is resistant to poisons. (rPois)
You cover ground very slowly.
You can spit poison.
You have a snake-like lower body.


Message History

Aim: an orc priest, wielding a +0 flail of protection and wearing a +0 leather armour (59% to hit)
The splash of poison hits the orc priest but does no damage.
The orc hits you with a +0 flail!
Kawab barely misses the orc.
Casting: Tukima's Dance (quite dangerous; 16% risk of failure)
Confirm with . or Enter, or press ? or * to list all spells.
The spell is quite dangerous to miscast (16% risk of failure)!
Continue anyway?
Aiming: Tukima's Dance (quite dangerous; 16% risk of failure)
Press: ? - help, Shift-Dir - straight line, f/p - orc priest
Aim: an orc priest, wielding a +0 flail of protection and wearing a +0 leather armour (chance to affect: 45%)
The orc priest resists with some effort.
The orc priest hits you with a +0 flail of protection.
The orc hits you with a +0 flail.
* * * LOW HITPOINT WARNING * * *
Kawab barely misses the orc.
Casting: Tukima's Dance (quite dangerous; 16% risk of failure)
Confirm with . or Enter, or press ? or * to list all spells.
The spell is quite dangerous to miscast (16% risk of failure)!
Continue anyway?
Aiming: Tukima's Dance (quite dangerous; 16% risk of failure)
Press: ? - help, Shift-Dir - straight line, f/p - orc priest
Aim: an orc priest, wielding a +0 flail of protection and wearing a +0 leather armour (chance to affect: 45%)
The orc priest resists with some effort.
The orc priest calls upon Beogh to heal the orc.
The orc's wounds heal themselves!
The orc hits you with a +0 flail.
* * * LOW HITPOINT WARNING * * *
Kawab closely misses the orc.
Casting: Tukima's Dance (quite dangerous; 16% risk of failure)
Confirm with . or Enter, or press ? or * to list all spells.
Aiming: Ensorcelled Hibernation (safe; 14% risk of failure)
Press: ? - help, Shift-Dir - straight line, f/p - orc priest
Aim: an orc priest, wielding a +0 flail of protection and wearing a +0 leather armour (chance to affect: 41%)
The orc priest looks drowsy...
The orc misses you.
Kawab hits the orc.
The helpless orc priest fails to defend itself.
You puncture the orc priest!
You kill the orc priest!
The orc hits you with a +0 flail!
* * * LOW HITPOINT WARNING * * *
Kawab hits the orc.
Your Ice Magic skill increases to level 1!
The orc hits you with a +0 flail!
You die...

#####.#.##
#.......##...........#
#.#..###.......##..........##
#.##..###########.........###
#..#...###### #............
##..........## #######......
#.#...##...#.# #......
#..#..##..#..######## #.)....
..#...#....#.R........###...###
........#..#.)o@.......##....#
...#.##..##..##........##..>.#
....#.##..##..##........##....#
.........#..#.............)...#
........#....#...........######
.....#..##..#..####...##
....#...##...#.####.###
##.#..........#.....#
#.........########>#


You could see the friendly Kawab the ancestor and an orc (ally target).

Vanquished Creatures
  Pargi (D:3)
  An orc priest (D:3)
  2 orcs (D:3)
  3 ball pythons
  4 bats (D:1)
  5 endoplasms
  A giant cockroach (D:3)
  3 goblins
  3 hobgoblins (D:2)
  3 jackals (D:1)
  A quokka (D:3)
  3 frilled lizards (D:1)
  5 kobolds
  3 rats
38 creatures vanquished.

Vanquished Creatures (collateral kills)
  An orc wizard (D:3)
  A goblin (D:3)
  A hobgoblin (D:3)
  A quokka (D:2)
  A ball python (D:3)
  3 kobolds
  2 rats (D:3)
10 creatures vanquished.

Vanquished Creatures (others)
  An ancestor (D:3)
1 creature vanquished.

Grand Total: 49 creatures vanquished

Notes
Turn   | Place    | Note
-------+----------+-------------------------------------------
     0 | D:1      | Dregs the Naga Enchanter began the quest for the Orb.
     0 | D:1      | Reached XP level 1. HP: 15/15 MP: 3/3
   166 | D:1      | Reached XP level 2. HP: 22/22 MP: 5/5
   355 | D:1      | Learned a level 2 spell: Ensorcelled Hibernation
   398 | D:1      | Reached skill level 5 in Stealth
   532 | D:2      | Reached XP level 3. HP: 22/28 MP: 6/6
   536 | D:2      | Learned a level 3 spell: Tukima's Dance
   550 | D:2      | Found a faded altar of an unknown god.
   565 | D:2      | Prayed at the altar of an unknown god.
   565 | D:2      | Became a worshipper of Hepliaklqana the Forgotten
   565 | D:2      | Reached * piety under Hepliaklqana
   769 | D:3      | Found a radiant altar of Vehumet.
   881 | D:3      | Noticed Pargi
   886 | D:3      | Killed Pargi
   887 | D:3      | Reached skill level 1 in Fighting
   887 | D:3      | Reached skill level 1 in Armour
   887 | D:3      | Reached XP level 4. HP: 34/34 MP: 7/7
   887 | D:3      | Reached XP level 5. HP: 39/39 MP: 8/8
   911 | D:3      | Reached skill level 6 in Stealth
   940 | D:3      | Found an ornate altar of the Wu Jian Council.
   940 | D:3      | Found an iron altar of Okawaru.
  1043 | D:3      | HP: 1/39 [orc/+0 flail (6)]
  1133 | D:3      | Reached skill level 1 in Ice Magic
  1133 | D:3      | Slain by an orc

Illustrated notes

Levels and vault maps discovered:
D:1:      nicolae_arrival_memento_mori, layout_loops_ring, supply_closet_lemuel,
          hangedman_abyss_or_decor_stabs, st_stairs_8
D:2:      layout_basic, shapermc_ecumenical_altar_notcrosses, minmay_unequal,
          uniq_jessica, uniq_terence
D:3:      layout_basic, mainiacjoe_overflow_boulevard,
          gammafunk_temple_overflow_statue, portal_sewer_entry_e,
          minmay_misc_feat_ornament, minivault_26, uniq_sigmund, uniq_pargi

Skill      XL: |  1  2  3  4  5 |
---------------+----------------+-----
Stealth        | 5 6 |  6.2
Fighting       | 1 |  1.2
Armour         | 1 |  1.3
Dodging        | 2 |  2.4
Ice Magic      | 1 |  1.0
Short Blades   | |  1.9
Spellcasting   | |  2.3
Hexes          | |  3.4

Action                     |  1- 3 |  4- 6 || total
---------------------------+-------+-------++-------
  Melee: Dagger            |    34 |    18 ||    52
         Hand axe          |    12 |       ||    12
   Cast: Ensorcelled Hiber |     4 |     1 ||     5
         Tukima's Dance    |     2 |     2 ||     4
 Invoke: Ancestor Identity |     1 |       ||     1
Ability: Spit Poison       |    26 |     6 ||    32
    Use: Scroll            |     6 |     1 ||     7
         Potion            |     1 |     3 ||     4
   Stab: Sleeping          |     6 |     1 ||     7
 Armour: Robe              |    26 |     5 ||    31
  Dodge: Dodged            |    65 |    15 ||    80
